 Dungeon Crawl Stone Soup version 0.28.0 (webtiles) character file.

Game seed: 16451836383401154245

113 crazypyro the Covered (level 4, -2/41 HPs)
             Began as a Minotaur Fighter on Feb 9, 2022.
             Succumbed to a kobold brigand's poison
             ... on level 4 of the Dungeon.
             The game lasted 00:01:27 (1498 turns).

crazypyro the Covered (Minotaur Fighter)            Turns: 1498, Time: 00:01:28

Health: -2/41      AC: 10    Str: 22    XL:     4   Next: 65%
Magic:  3/3        EV:  9    Int:  5    God:
Gold:   103        SH:  4    Dex: 10    Spells: 3/3 levels left

rFire   . . .      SeeInvis .   j - +4 hand axe
rCold   . . .      Faith    .   c - +0 buckler
rNeg    . . .      Spirit   .   b - +0 scale mail
rPois   .          Reflect  .   e - +2 hat
rElec   .          Harm     .   (no cloak)
rCorr   .          Rampage  .   l - +0 pair of gloves
Will    .....                   (no boots)
Stlth   ..........              (no amulet)
HPRegen 0.13/turn               (no ring)
MPRegen 0.08/turn               (no ring)

@: lethally poisoned (-2 -> -30), studying Short Blades
A: horns 2, retaliatory headbutt
a: no special abilities


You were on level 4 of the Dungeon.
You visited 1 branch of the dungeon, and saw 4 of its levels.

You collected 103 gold pieces.

Inventory:

Hand Weapons
 a - a +0 war axe
 j - a +4 hand axe (weapon)
Armour
 b - a +0 scale mail (worn)
 c - a +0 buckler (worn)
 e - a +2 hat (worn)
 l - a +0 pair of gloves (worn)
Jewellery
 h - a ring of magical power
Scrolls
 f - a scroll of immolation {unknown}
 k - a scroll of amnesia {unknown}
 m - a scroll of torment {unknown}
 n - a scroll of magic mapping {unknown}
Potions
 d - a potion of might
 g - a potion of haste {unknown}
 i - a potion of curing {unknown}


   Skills:
 + Level 4.3 Fighting
 * Level 4.2 Axes
 + Level 4.3 Armour
 + Level 4.3 Shields


You had 3 spell levels left.
You didn't know any spells.
Your spell library was empty.

Dungeon Overview and Level Annotations

Branches:
Dungeon (4/15)
 Temple: D:4-7

Altars:
Elyvilon
Sif Muna
Uskayaw

Portals:
Abyss: D:3

Annotations:
D:3 2 transporters, Clumpoid's ghost, amateur DsFi


Innate Abilities, Weirdness & Mutations

You have a pair of horns on your head.
You reflexively headbutt those who attack you in melee.


Message History

You are poisoned.
You hit the kobold brigand. You headbutt the kobold brigand!
The kobold brigand is moderately wounded.
You barely miss the kobold.
You feel sick. The kobold brigand closely misses you.
The kobold hits you but does no damage.
You miss the kobold brigand.
The kobold brigand is moderately wounded.
You hit the kobold.
You feel sick. You block the kobold brigand's attack.
The kobold hits you but does no damage.
You slash the kobold!
You kill the kobold!
You hit the kobold brigand but do no damage.
You feel sick.
The kobold brigand hits you with a +2 dagger of venom.
You are more poisoned.
You hit the kobold brigand.
The kobold brigand is heavily wounded.
You feel very sick.
The kobold brigand hits you but does no damage.
You are more poisoned.
You hit the kobold brigand. You headbutt the kobold brigand.
The kobold brigand is severely wounded.
You feel very sick.
The kobold brigand hits you with a +2 dagger of venom!
You are lethally poisoned!
You are too injured to fight recklessly!
You slash the kobold brigand!
The kobold brigand is almost dead.
* * * LOW HITPOINT WARNING * * *
You feel extremely sick. You block the kobold brigand's attack.
You barely miss the kobold brigand.
The kobold brigand is almost dead.
* * * LOW HITPOINT WARNING * * *
You feel very sick.
The kobold brigand hits you but does no damage.
You are more poisoned.
You hit the kobold brigand.
The kobold brigand is almost dead.
You die...

#.... ...#
#.... ....#
....<.. .....
......###.....
.............
........!..#
..#K.......
#####.#@)......
#.....#........
#........#.....
#........#.....
#.............#
#.....#####...#
#.<.......+ ..#
########### .


You could see a kobold brigand.

Vanquished Creatures
  An orc priest (D:3)
  4 adders
  A dart slug (D:1)
  5 orcs (D:3)
  An endoplasm (D:2)
  2 goblins
  5 hobgoblins
  3 jackals (D:1)
  2 kobolds
  6 quokkas
  5 ball pythons
  3 bats
  3 frilled lizards (D:1)
  A rat (D:3)
42 creatures vanquished.

Vanquished Creatures (others)
  2 plants (D:3)
2 creatures vanquished.

Grand Total: 44 creatures vanquished

Notes
Turn   | Place    | Note
-------+----------+-------------------------------------------
     0 | D:1      | crazypyro the Minotaur Fighter began the quest for the Orb.
     0 | D:1      | Reached XP level 1. HP: 19/19 MP: 0/0
   212 | D:1      | Reached XP level 2. HP: 23/27 MP: 1/1
   501 | D:2      | Reached XP level 3. HP: 29/33 MP: 2/2
   768 | D:3      | Reached XP level 4. HP: 37/40 MP: 3/3
  1071 | D:3      | Found a white marble altar of Elyvilon.
  1163 | D:3      | Found a faded altar of an unknown god.
  1255 | D:3      | Found a hide-covered altar of Uskayaw.
  1265 | D:3      | Found a shimmering blue altar of Sif Muna.
  1290 | D:3      | Noticed Clumpoid's ghost (amateur DsFi)
  1303 | D:3      | Found a one-way gate to the infinite horrors of the Abyss.
  1306 | D:3      | Found a transporter.
  1311 | D:3      | Found a transporter.
  1487 | D:4      | Noticed a kobold brigand
  1498 | D:4      | Succumbed to a kobold brigand's poison

Illustrated notes

Levels and vault maps discovered:
D:1:      eino_arrival_cavern_a, layout_loops_cross
D:2:      layout_loops_ring, serial_park_tiny_pond, kennysheep_generic_room_5
D:3:      layout_loops_ring, nicolae_elyvilon_temple_path,
          amethyst_overflow_temple_binary, gammafunk_ghost_abyssal_escape,
          shapermc_ecumenical_altar_mp_highgroup
D:4:      layout_basic, hangedman_decor_points, goddamned_bats, uniq_menkaure,
          uniq_ijyb, uniq_grinder

Skill      XL: |  1  2  3 |
---------------+----------+-----
Axes           | 3 4 |  4.2
Fighting       | 4 |  4.3
Armour         | 4 |  4.3
Shields        | 4 |  4.3

Action                   |  1- 3 |  4- 6 || total
-------------------------+-------+-------++-------
Melee: War axe           |    63 |     2 ||    65
       Headbutt          |     3 |     3 ||     6
       Hand axe          |       |    26 ||    26
Armor: Scale mail        |    31 |    16 ||    47
Dodge: Dodged            |    31 |     7 ||    38
Block: Buckler           |    11 |     9 ||    20
